 Dungeon Crawl Stone Soup version 0.29-a0-542-g075992c915 (webtiles) character file.

Game seed: 6008273057519433601

2481 MeArio the Protected (level 9, -4/73 HPs)
             Began as a Minotaur Fighter on June 2, 2022.
             Was a Believer of Hepliaklqana.
             Killed from afar by a steam dragon (12 damage)
             ... with a ball of steam
             ... on level 7 of the Dungeon on June 3, 2022.
             The game lasted 00:16:03 (7608 turns).

MeArio the Protected (Minotaur Fighter)             Turns: 7608, Time: 00:16:04

Health: -4/73      AC: 21    Str: 26    XL:     9   Next: 27%
Magic:  8/8        EV:  7    Int:  5    God:    Hepliaklqana [**....]
Gold:   1457       SH: 10    Dex:  9    Spells: 8/8 levels left

rFire   . . .      SeeInvis +   a - +0 long sword
rCold   . . .      Faith    .   c - +0 buckler
rNeg    + . .      Spirit   .   K - +0 plate armour
rPois   .          Reflect  +   (helmet restricted)
rElec   .          Harm     .   (no cloak)
rCorr   .          Rampage  .   t - +0 pair of gloves
Will    +....                   k - +1 pair of boots of the Endless Moons {Will+ SInv}
Stlth   ..........              x - amulet of reflection
HPRegen 0.22/turn               e - +4 ring of protection
MPRegen 0.11/turn               g - ring of positive energy

@: no status effects
A: reduced essence, horns 2, retaliatory headbutt
a: Renounce Religion, Recall Ancestor, Ancestor Identity


You were on level 7 of the Dungeon.
You worshipped Hepliaklqana.
Hepliaklqana was pleased with you.
You visited 2 branches of the dungeon, and saw 9 of its levels.

You collected 1457 gold pieces.

Inventory:

Hand Weapons
 a - a +0 long sword (weapon)
 y - a +0 long sword
Missiles
 s - 6 datura-tipped darts (quivered)
 H - 3 curare-tipped darts
Armour
 c - a +0 buckler (worn)
 k - the +1 pair of boots of the Endless Moons (worn) {Will+ SInv}
   (You acquired it on level 5 of the Dungeon)

   SInv:      It lets you see invisible.
   Will:      It increases your willpower.
 t - a +0 pair of gloves (worn)
 K - a +0 plate armour (worn)
Jewellery
 e - a +4 ring of protection (left hand)
 g - a ring of positive energy (right hand)
 x - an amulet of reflection (around neck)
 C - a +6 ring of dexterity
 F - an amulet of magic regeneration
 G - a +4 ring of protection
Wands
 p - a wand of polymorph (9)
 B - a wand of mindburst (20)
 E - a wand of paralysis (11)
Scrolls
 i - a scroll of teleportation
 m - a scroll of silence
 n - 3 scrolls of fog
 D - a scroll of magic mapping
 I - a scroll of enchant armour
 J - a scroll of identify
Potions
 b - a potion of mutation
 d - 2 potions of might
 h - a potion of attraction {unknown}
 j - 2 potions of berserk rage
 l - 5 potions of flight
 o - a potion of ambrosia {unknown}
 q - 3 potions of curing
 r - 2 potions of resistance
 u - a potion of haste {unknown}
 v - a potion of cancellation {unknown}
 w - a potion of heal wounds
 z - a potion of lignification {unknown}
 A - 3 potions of brilliance


   Skills:
 + Level 8.3 Fighting
 + Level 7.9 Long Blades
 * Level 8.4 Armour
 + Level 8.3 Shields


You had 8 spell levels left.
You didn't know any spells.
Your spell library contained the following spells:

 Spells                   Type           Power      Damage    Failure   Level
 Apportation              Tloc           0%         N/A       100%        1
 Freeze                   Ice            0%         1d3       100%        1
 Necrotize                Necr           0%         1d4       100%        1
 Shock                    Conj/Air       0%         1d3       100%        1
 Summon Small Mammal      Summ           0%         N/A       100%        1
 Sublimation of Blood     Necr           0%         N/A       100%        2
 Wereblood                Tmut           0%         N/A       100%        2
 Call Canine Familiar     Summ           0%         N/A       100%        3
 Frozen Ramparts          Ice            0%         1d2       100%        3
 Summon Guardian Golem    Hex/Summ       0%         N/A       100%        3
 Swiftness                Air            0%         N/A       100%        3
 Airstrike                Air            0%         N/A       100%        4
 Animate Dead             Necr           0%         N/A       100%        4
 Hailstorm                Conj/Ice       0%         3d3       100%        4
 Alistair's Intoxication  Tmut/Pois      0%         N/A       100%        5
 Haunt                    Necr/Summ      0%         N/A       100%        7
 Summon Hydra             Summ           0%         N/A       100%        7
 Infestation              Necr           0%         N/A       100%        8


Dungeon Overview and Level Annotations

Branches:
Dungeon (8/15)             Temple (1/1) D:4
   Lair: D:8-11

Altars:
Ashenzari
Dithmenos
Elyvilon
Fedhas
Gozag
Hepliaklqana
Kikubaaqudgha
Makhleb
Nemelex Xobeh
Qazlal
Trog
Uskayaw
Vehumet
Xom
Zin


Innate Abilities, Weirdness & Mutations

Your life essence is reduced to manifest your ancestor. (-10% HP)
You have a pair of horns on your head.
You reflexively headbutt those who attack you in melee.


Message History

You hit the hornet.
The hornet is moderately wounded.
You are engulfed in a cloud of scalding steam.
You feel yourself speed up.
You feel sick.
The hornet is engulfed in a cloud of scalding steam. x2
You are too injured to fight recklessly!
You feel sick.
The hornet buzzes around in tight circles.
Sextus casts a spell at the hornet.
The hornet resists with some effort.
The steam dragon attacks as you move away!
The steam dragon bites you but does no damage.
The steam dragon barely misses you.
You feel sick.
You feel sick.
The hornet barely misses Sextus.
Sextus points at the hornet and mumbles some strange words.
The hornet appears confused.
You feel sick.
You are no longer poisoned.
Sextus hits the hornet with a +0 dagger of draining.
Sextus drains the hornet.
There is a stone staircase leading up here.
The steam dragon breathes steam at you. The ball of steam hits you!!
* * * LOW HITPOINT WARNING * * *
You climb upwards.
There is a stone staircase leading down here.
You are too injured to fight recklessly!
You are too injured to fight recklessly!
You are too injured to fight recklessly!
You are too injured to fight recklessly!
You hit the steam dragon.
The steam dragon is lightly wounded.
You block the steam dragon's attack.
The steam dragon claws you but does no damage.
You closely miss the steam dragon.
The steam dragon is lightly wounded.
The steam dragon breathes steam at you. The ball of steam hits you!
You die...

#.#### #.# #....#
#.# ####.# #.####
#.# #..... #<#
###### #.# #.# #D#
# #@# #########
#.# #........ #.#
######.####### #.#
#...##)####### #.#
#.............
#.###...##[#######
#......###.# #
######## #.# #.#


You could see a steam dragon (catching breath).

Vanquished Creatures
  Grum (D:8)
  An ice beast (D:7)
  An orc warrior (D:5)
  An ogre (D:5)
  2 black bears
  3 wolves (D:8)
  3 centaurs
  2 phantoms
  A bullfrog (D:7)
  2 scorpions (D:6)
  2 necrophages (D:5)
  A hound (D:4)
  A jelly (D:6)
  An orc priest (D:4)
  Jessica (D:3)
  4 iguanas
  Terence (D:3)
  4 orc wizards
  2 gnolls (D:1)
  5 adders
  3 shadow imps
  3 white imps
  A worm (D:5)
  13 orcs
  7 bats
  6 endoplasms
  2 giant cockroaches
  8 goblins
  5 hobgoblins
  4 quokkas
  5 ball pythons
  5 frilled lizards
  8 kobolds
  6 rats
115 creatures vanquished.

Vanquished Creatures (collateral kills)
  A hornet (D:8)
  An ice beast (D:7)
  A wolf (D:8)
  An orc priest (D:6)
  An iguana (D:6)
  An adder (D:6)
  An ufetubus (D:6)
  3 orcs
10 creatures vanquished.

Vanquished Creatures (others)
  An ancestor (D:5)
1 creature vanquished.

Grand Total: 126 creatures vanquished

Notes
Turn   | Place    | Note
-------+----------+-------------------------------------------
     0 | D:1      | MeArio the Minotaur Fighter began the quest for the Orb.
     0 | D:1      | Reached XP level 1. HP: 19/19 MP: 0/0
     2 | D:1      | Noticed a spriggan
     2 | D:1      | Noticed a felid
     4 | D:1      | Noticed a demonspawn
     4 | D:1      | Noticed an ogre
     6 | D:1      | Noticed a demigod
     8 | D:1      | Noticed a vine stalker
     8 | D:1      | Noticed a draconian
    12 | D:1      | Noticed a human
    14 | D:1      | Noticed a dwarf
    16 | D:1      | Noticed a troll
    16 | D:1      | Noticed an elf
    18 | D:1      | Noticed a naga
    20 | D:1      | Noticed a tengu
    22 | D:1      | Noticed an octopode
    22 | D:1      | Noticed a ghoul
    24 | D:1      | Noticed a vampire
    24 | D:1      | Noticed a formicid
    26 | D:1      | Noticed a minotaur
    26 | D:1      | Noticed a gargoyle
    28 | D:1      | Noticed a merfolk
   124 | D:1      | Upgraded the game from 0.29-a0-541-gaf1fc19f1b to
                  | 0.29-a0-542-g075992c915
   141 | D:1      | Reached XP level 2. HP: 22/27 MP: 1/1
   279 | D:1      | Found a faded altar of an unknown god.
   279 | D:1      | Noticed a great orb of eyes
   309 | D:1      | Noticed a shining eye
   309 | D:1      | Noticed an eye of devastation
   309 | D:1      | Noticed a great orb of eyes
   348 | D:1      | Reached XP level 3. HP: 28/33 MP: 2/2
   900 | D:2      | Reached XP level 4. HP: 41/41 MP: 3/3
  1551 | D:3      | Found an opulent altar of Gozag.
  1615 | D:3      | Noticed Jessica
  1623 | D:3      | Killed Jessica
  1778 | D:3      | Noticed Terence
  1797 | D:3      | Killed Terence
  1798 | D:3      | Reached XP level 5. HP: 12/47 MP: 4/4
  2441 | D:3      | Found a shimmering altar of Xom.
  3256 | D:4      | Found a staircase to the Ecumenical Temple.
  3269 | Temple   | Entered the Ecumenical Temple
  3345 | Temple   | Became a worshipper of Hepliaklqana the Forgotten
  3371 | D:4      | Reached skill level 5 in Armour
  3386 | D:4      | Reached skill level 5 in Fighting
  3501 | D:4      | Reached skill level 5 in Shields
  3530 | D:4      | Reached XP level 6. HP: 39/56 MP: 5/5
  3828 | D:5      | Entered Level 5 of the Dungeon
  3831 | D:5      | Identified 2 scrolls of acquirement
  3831 | D:5      | Acquired the +1 pair of boots of the Endless Moons {Will+
                  | SInv}
  3847 | D:5      | Acquired 950 gold pieces
  4046 | D:5      | Reached skill level 5 in Long Blades
  4046 | D:5      | Reached XP level 7. HP: 51/62 MP: 6/6
  4877 | D:5      | Reached * piety under Hepliaklqana
  5326 | D:6      | Reached XP level 8. HP: 63/63 MP: 7/7
  5440 | D:6      | Found a burning altar of Makhleb.
  5459 | D:6      | Found a shadowy altar of Dithmenos.
  6095 | D:7      | HP: 1/65 [ice beast (6)]
  7214 | D:8      | Reached ** piety under Hepliaklqana
  7215 | D:8      | Remembered your ancestor Sextus as a hexer
  7227 | D:8      | Reached XP level 9. HP: 70/72 MP: 8/8
  7247 | D:8      | Noticed Grum
  7247 | D:8      | Paralysed by a hornet for 2 turns
  7266 | D:8      | Killed Grum
  7584 | D:8      | Found a sparkling altar of Nemelex Xobeh.
  7588 | D:8      | Paralysed by a hornet for 2 turns
  7608 | D:7      | Killed from afar by a steam dragon

Illustrated notes

Levels and vault maps discovered:
D:1:      kb_arrival_jail, layout_basic, hellmonk_ecumenical_altar_watching_god,
          minmay_box_of_dots
D:2:      layout_loops_ring
D:3:      layout_loops_ring, nicolae_gozag_cash_rules_everything_around_me,
          lemuel_coloured_pillars_altar, amethyst_killhole,
          kennysheep_flooded_box, uniq_jessica, uniq_terence
D:4:      layout_basic, minmay_temple_entry_trees, grunt_decor_mini_mirrors,
          minmay_circle_x
D:5:      layout_basic
D:6:      layout_gridville, mainiacjoe_overflow_paths,
          mainiacjoe_overflow_concentric_impassable
D:7:      layout_loops_ring, chequers_serial_rivers_micro_d
D:8:      layout_loops_ring, grunt_temple_overflow_open,
          mainiacjoe_overflow_24_doors, uniq_grum
Temple:   eino_temple_lava

Skill      XL: |  1  2  3  4  5  6  7  8  9 |
---------------+----------------------------+-----
Armour         | 4 5 6 8 |  8.4
Fighting       | 4 5 6 7 8 |  8.3
Long Blades    | 3 4 5 6 7 |  7.9
Shields        | 4 5 6 7 8 |  8.3

Action                   |  1- 3 |  4- 6 |  7- 9 || total
-------------------------+-------+-------+-------++-------
Melee: Long sword        |    97 |   152 |   225 ||   474
       Headbutt          |    15 |    27 |    45 ||    87
Invok: Ancestor Identity |       |       |     1 ||     1
       Recall Ancestor   |       |       |     1 ||     1
       Ancestor Life: He |       |       |     1 ||     1
  Use: Scroll            |       |    16 |     5 ||    21
       Potion            |       |       |     3 ||     3
 Stab: Distracted        |       |       |     1 ||     1
       Confused          |       |       |     2 ||     2
Armor: Chain mail        |    75 |    83 |   132 ||   290
       Plate armour      |       |       |     9 ||     9
Dodge: Dodged            |    43 |    50 |    86 ||   179
Block: Buckler           |    23 |    69 |   132 ||   224
       Reflection        |       |     3 |     5 ||     8

Table legend: (Time is in decaauts)
 A = Elapsed time spent in this place.
 B = Non-inter-level travel time spent in this place.
 C = Inter-level travel time spent in this place.
 D = Time resting spent in this place.
 E = Time spent auto-exploring this place.
 F = Levels seen in this place.
 G = Mean time per level.
                   A        B        C        D        E       F      G
               +--------+--------+--------+--------+--------+-----+--------+
         Total |   7706 |   7358 |    348 |   1446 |   4471 |   9 |  856.2 |
       Dungeon |   7621 |   7273 |    348 |   1446 |   4408 |   8 |  952.6 |
        Temple |     84 |     84 |      0 |      0 |     63 |   1 |   84.0 |
               +--------+--------+--------+--------+--------+-----+--------+

Top non-repeatable levels by time:
     D:5: 1485 daAuts
     D:3: 1182 daAuts
     D:4: 1114 daAuts
     D:6: 1006 daAuts
     D:7: 922 daAuts
     D:2: 755 daAuts
     D:1: 750 daAuts
     D:8: 404 daAuts
  Temple: 84 daAuts
